 Dungeon Crawl Stone Soup version 0.19-a0-1803-g97ff39f (webtiles) character file.

228 Naow the Chopper (level 5, 0/67 HPs)
             Began as a Minotaur Berserker on Oct 5, 2016.
             Was a Priest of Trog.
             Slain by a river rat (7 damage)
             ... in a sewer.
             The game lasted 00:03:52 (3109 turns).

Naow the Chopper (Minotaur Berserker)               Turns: 3109, Time: 00:03:52

Health: 0/67       AC:  2    Str: 27    XL:     5   Next: 71%
Magic:  4/4        EV: 12    Int:  5    God:    Trog [***...]
Gold:   101        SH:  0    Dex:  9    Spells: 0 memorised, 4 levels left

rFire  . . .     SeeInvis .     a - +0 hand axe
rCold  . . .     Gourm    .     b - +0 animal skin
rNeg   . . .     Faith    .     (no shield)
rPois  .         Spirit   .     (helmet restricted)
rElec  .         Dismiss  .     (no cloak)
rCorr  .         Reflect  .     (no gloves)
MR     .....     Harm     .     (no boots)
Stlth  ..........               (no amulet)
                                (no ring)
                                (no ring)

@: berserking, very quick
A: retaliatory headbutt, horns 2
a: Berserk, Trog's Hand, Burn Spellbooks, Renounce Religion


You were in a sewer.
You worshipped Trog.
Trog was most pleased with you.
You were hungry.

You visited 1 branch of the dungeon, and saw 3 of its levels.
You also visited: Sewer.

You collected 101 gold pieces.

Inventory:

Hand Weapons
 a - a +0 hand axe (weapon)
Armour
 b - a +0 animal skin (worn)
Jewellery
 o - an uncursed ring of magical power {unknown}
 p - an uncursed amulet of dismissal {unknown}
Scrolls
 d - a scroll of fog {unknown}
 f - 2 scrolls of random uselessness {unknown}
 g - 2 scrolls of enchant weapon {unknown}
 h - a scroll of magic mapping {unknown}
 i - 3 scrolls of fear {unknown}
 l - 2 scrolls of identify {unknown}
 n - a scroll of recharging {unknown}
 r - a scroll of amnesia {unknown}
 v - a scroll of immolation {unknown}
Potions
 e - a potion of lignification {unknown}
 j - a potion of brilliance {unknown}
 k - 2 potions of haste {unknown}
 m - 2 potions of magic {unknown}
 s - a potion of heal wounds {unknown}
 t - a potion of curing {unknown}
 u - 3 potions of might {unknown}
Comestibles
 c - 2 bread rations
 q - 5 chunks of flesh


   Skills:
 - Level 3.6 Fighting
 + Level 7.8 Axes
 - Level 2.4 Armour
 - Level 2.1 Dodging


You had 4 spell levels left.
You didn't know any spells.

Dungeon Overview and Level Annotations

Branches:
Dungeon (3/15)

Altars:
Okawaru
Ru
Uskayaw


Innate Abilities, Weirdness & Mutations

You reflexively headbutt those who attack you in melee.
You have a pair of horns on your head.


Message History

You feel yourself moving faster!
You feel mighty!
You are feeling hungry.
The rat splashes around in the water.
The river rat bites you.
* * * LOW HITPOINT WARNING * * *
The river rat misses you. You furiously retaliate!
You headbutt the river rat!
You kill the river rat!
Trog accepts your kill.
You closely miss the river rat.
The river rat is almost dead.
You hit the rat.
You kill the rat!
Trog accepts your kill. The river rat barely misses you.
Unknown command.
Your unstable footing causes you to fumble your attack.
Your unstable footing causes you to fumble your attack.
The river rat closely misses you.
Your unstable footing causes you to fumble your attack.
The river rat bites you!
You die...

##### #..## #..'. ####.
#####################..
##.≈≈≈≈≈≈≈.≈≈≈≈≈≈≈≈≈≈...
....≈≈r≈≈≈.≈≈≈≈≈≈≈≈≈≈...
...≈≈rr≈≈≈..≈≈≈≈≈≈≈≈≈...
...≈≈≈≈@≈≈.≈≈≈≈≈≈≈≈≈≈...
...≈≈≈r†≈≈≈.≈≈≈≈≈≈≈≈≈...
....≈≈≈≈≈≈.≈≈≈≈≈≈≈≈≈..##
..#####################
.


You could see a river rat and 3 rats.

Vanquished Creatures
  Robin (D:2)
  5 adders
  6 river rats
  3 oozes
  3 worms
  6 orcs (D:3)
  5 bats
  3 giant cockroaches
  16 goblins
  10 hobgoblins
  2 jackals (D:2)
  3 quokkas
  2 ball pythons
  3 frilled lizards
  8 kobolds
  23 rats
99 creatures vanquished.

Notes
Turn   | Place    | Note
-------+----------+-------------------------------------------
     0 | D:1      | Naow the Minotaur Berserker began the quest for the Orb.
     0 | D:1      | Reached XP level 1. HP: 19/19 MP: 0/0
    65 | D:1      | Reached skill level 4 in Axes
   316 | D:1      | Reached XP level 2. HP: 23/26 MP: 1/1
  1184 | D:2      | Reached ** piety under Trog
  1225 | D:2      | Reached skill level 5 in Axes
  1258 | D:2      | Noticed Robin
  1260 | D:2      | Reached XP level 3. HP: 20/31 MP: 2/2
  1267 | D:2      | Killed Robin
  1641 | D:2      | Reached skill level 6 in Axes
  1641 | D:2      | Reached XP level 4. HP: 17/39 MP: 3/3
  2407 | D:3      | Found a hide-covered altar of Uskayaw.
  2409 | D:3      | Found a sacrificial altar of Ru.
  2412 | D:3      | Found an iron altar of Okawaru.
  2669 | D:3      | Found a glowing drain.
  2679 | D:3      | Reached *** piety under Trog
  2699 | Sewer    | Entered a sewer
  2840 | Sewer    | Reached skill level 7 in Axes
  2840 | Sewer    | Reached XP level 5. HP: 45/45 MP: 4/4
  3109 | Sewer    | Slain by a river rat

Vault maps used:
D:1:      minmay_arrival_four_loops
D:2:      first_bread, uniq_robin
D:3:      grunt_temple_overflow_open, marbit_many_paths, portal_sewer_entry_b,
          fedhas_altar_1
Sewer:    sewer_minmay_w

Skill      XL: |  1  2  3  4 |
---------------+-------------+-----
Axes           | 4 5 6 7 |  7.8
Fighting       | |  3.6
Armour         | |  2.4
Dodging        | |  2.1

Action                   |  1- 3 |  4- 6 || total
-------------------------+-------+-------++-------
Melee: Hand axe          |    71 |   144 ||   215
       Headbutt          |    11 |    13 ||    24
Invok: Berserk           |     1 |     4 ||     5
 Stab: Sleeping          |     1 |       ||     1
  Eat: Chunk             |     3 |     8 ||    11
Armor: Animal skin       |    12 |    25 ||    37
Dodge: Dodged            |    41 |    89 ||   130
